[Event "Titled Tuesday Blitz May 16 Late 2023"]
[White "Pein, Jonathan"]
[Black "Martinez, Ayelen"]
[WhiteFideId "417092"]
[BlackFideId "118702"]
[WhiteElo "2151"]
[BlackElo "2125"]
[Result "0-1"]
[Round "08"]
[TimeControl "180+2"]
[Date "2023.05.16"]
[WhiteClock "0:00:11"]
[BlackClock "0:00:17"]

1. e4 c5 2. g3 d6 3. Bg2 g6 4. Ne2 Bg7 5. c3 Nc6 6. d4 cxd4 7. cxd4 Bg4 8. f3 Bd7 9. Nbc3 h5 10. h3 h4 11. g4 Rc8 12. Be3 Qa5 13. Qd2 b5 14. b3 b4 15. Nd5 e6 16. Ndf4 Nge7 17. O-O e5 18. Nd3 Nxd4 19. Nxd4 exd4 20. Bg5 Rc3 21. Rfd1 Rxd3 22. Qxd3 Qxg5 23. Rac1 Be5 24. Rc7 Bf4 25. Rxa7 Bb5 26. Qc2 O-O 27. Rb7 Rc8 28. Qb2 Be3+ 29. Kh1 d3 30. a4 Bc6 31. Rxe7 Qxe7 32. Rxd3 Bf4 33. a5 Bb5 34. Rd5 Rc1+ 35. Bf1 Rxf1+ 36. Kg2 Rc1 37. Rxb5 Qc7 38. Rd5 Rc2+ 39. Rd2 Rxb2 40. Rxb2 Qc3 41. Ra2 Qc1 42. a6 Be3 43. f4 Qg1+ 44. Kf3 Qg3+ 45. Ke2 Qg2+ 46. Kxe3 Qxa2 47. e5 Qxa6 48. exd6 Qxd6 49. Ke4 Qc5 50. f5 gxf5+ 51. Kf4 Kg7 52. gxf5 Kf6 53. Kg4 Qxf5+ 54. Kxh4 Qf4+ 55. Kh5 Qg5# 0-1


[Site "https://www.chess.com"]

[Event "Titled Tuesday Blitz May 16 Late 2023"]
[White "Kev4444444444"]
[Black "Fan_Of_Chucky"]
[WhiteElo "2155"]
[BlackElo "2437"]
[Result "1-0"]
[Round "08"]
[TimeControl "180+2"]
[Date "2023.05.16"]
[WhiteClock "0:00:22"]
[BlackClock "0:00:10"]

1. e4 c5 2. c3 Nf6 3. e5 Nd5 4. d4 cxd4 5. Nf3 Nc6 6. cxd4 d6 7. Bc4 Nb6 8. Bb3 e6 9. O-O dxe5 10. dxe5 Qxd1 11. Rxd1 Be7 12. Nc3 a6 13. Ne4 O-O 14. Nd6 Rd8 15. Be3 Nd7 16. Nc4 b5 17. Nb6 Rb8 18. Nxd7 Bxd7 19. a3 Be8 20. Rac1 Rxd1+ 21. Rxd1 Rd8 22. Rxd8 Bxd8 23. Bc5 Be7 24. Bxe7 Nxe7 25. Ne1 Bc6 26. f4 Bd5 27. Bc2 Nc6 28. Nd3 Nd4 29. Bd1 a5 30. Kf2 Nc6 31. g3 f6 32. exf6 gxf6 33. Bf3 Bxf3 34. Kxf3 Kf7 35. Ke3 Ke7 36. Nc5 Kd6 37. Ne4+ Ke7 38. Nc3 b4 39. Ne4 bxa3 40. bxa3 Na7 41. Nc3 Kd6 42. Kd4 e5+ 43. fxe5+ fxe5+ 44. Kc4 Ke6 45. g4 Kf6 46. Kd5 Kg5 47. Kxe5 Kxg4 48. Kd6 Kh3 49. Kc7 a4 50. Kb7 Nb5 51. Nxb5 Kxh2 52. Nd4 Kg3 53. Nf5+ Kf4 54. Ng7 Ke5 55. Kb6 Kd5 56. Kb5 Kd6 57. Kxa4 Kc6 58. Kb4 Kb6 59. Nf5 Ka6 60. Kc4 h5 61. Kd3 Ka5 62. Nd4 Ka4 63. Nc2 h4 64. Ke3 h3 65. Kf3 h2 66. Kg2 h1=Q+ 67. Kxh1 Kb3 68. Kg2 Ka4 69. Kf3 Kb3 70. Ke2 Kxc2 71. a4 Kb3 72. a5 1-0


[Site "https://www.chess.com"]

[Event "Titled Tuesday Blitz May 16 Late 2023"]
[White "Rangel, Daniel"]
[Black "Fishbein, Mitch"]
[WhiteFideId "2124475"]
[BlackFideId "30922917"]
[WhiteElo "2256"]
[BlackElo "1964"]
[Result "1-0"]
[Round "08"]
[TimeControl "180+2"]
[Date "2023.05.16"]
[WhiteClock "0:00:25"]
[BlackClock "0:00:00"]

1. e4 c5 2. Nf3 Nc6 3. d4 cxd4 4. Nxd4 e5 5. Nb5 d6 6. c4 Be6 7. N1c3 a6 8. Na3 g6 9. h4 Nf6 10. Be2 Bg7 11. h5 Nd4 12. h6 Bf8 13. Nc2 Nxe2 14. Qxe2 Rc8 15. Ne3 Be7 16. Ned5 Nxd5 17. exd5 Bd7 18. O-O O-O 19. f4 exf4 20. Bxf4 Re8 21. Rae1 Bg5 22. Qf2 Rxe1 23. Rxe1 Rxc4 24. Bxd6 Bxh6 25. Be7 Qc8 26. Ne4 Rxe4 27. Rxe4 Qc1+ 28. Re1 Qc4 29. d6 Bg7 30. Bf6 Qc6 31. Bxg7 Kxg7 32. Qd4+ Kg8 33. Re7 Qc1+ 34. Kf2 Qc2+ 35. Kg3 Qc6 36. Qf6 Be6 37. Rxe6 fxe6 38. Qxe6+ Kg7 39. Qe7+ Kg8 40. d7 Qc7+ 41. Kf3 Qc6+ 42. Ke3 Qb6+ 43. Ke4 Qc6+ 44. Ke5 Qb5+ 45. Ke6 Qe2+ 46. Kd6 Qd3+ 47. Kc7 Qc4+ 48. Kb8 Qf4+ 49. Ka8 1-0


[Site "https://www.chess.com"]

[Event "Titled Tuesday Blitz May 16 Late 2023"]
[White "K2JW"]
[Black "Kim, Sergey"]
[BlackFideId "13700570"]
[WhiteElo "2375"]
[BlackElo "2572"]
[Result "0-1"]
[Round "08"]
[TimeControl "180+2"]
[Date "2023.05.16"]
[WhiteClock "0:00:00"]
[BlackClock "0:00:44"]

1. d4 Nf6 2. c4 g6 3. Nc3 Bg7 4. e4 d6 5. Nf3 O-O 6. Be2 e5 7. Be3 exd4 8. Nxd4 Re8 9. f3 Nbd7 10. O-O c6 11. Qd2 a5 12. a3 a4 13. Rad1 Qa5 14. Nc2 Re6 15. Nd4 Re8 16. Nc2 Bf8 17. Bd3 Ne5 18. f4 Nxd3 19. Qxd3 Nd7 20. Nd4 Nc5 21. Qc2 Bg7 22. Rfe1 Bg4 23. Rd2 Rad8 24. h3 Bc8 25. Bf2 Qa6 26. Na2 Qa5 27. Qc3 Qc7 28. Qf3 Qe7 29. Nc3 Qf6 30. g4 Ne6 31. g5 Qe7 32. h4 Nc5 33. f5 Be5 34. f6 Qd7 35. Be3 Qg4+ 36. Qxg4 Bxg4 37. Rg2 Bh3 38. Rd2 Bc8 39. Bf2 Bg4 40. Kg2 Ra8 41. Nf3 Bxf3+ 42. Kxf3 Nb3 43. Rd3 h6 0-1


[Site "https://www.chess.com"]

[Event "Titled Tuesday Blitz May 16 Late 2023"]
[White "OPQRC"]
[Black "Mazurkiewicz, Michal"]
[BlackFideId "1124943"]
[WhiteElo "2549"]
[BlackElo "2054"]
[Result "1-0"]
[Round "08"]
[TimeControl "180+2"]
[Date "2023.05.16"]
[WhiteClock "0:00:29"]
[BlackClock "0:00:00"]

1. e4 d6 2. d4 Nf6 3. Nc3 c6 4. Bg5 Nbd7 5. f4 e5 6. Nf3 Be7 7. Bc4 b5 8. Bb3 b4 9. dxe5 dxe5 10. fxe5 bxc3 11. exf6 Nxf6 12. Qxd8+ Bxd8 13. O-O-O cxb2+ 14. Kxb2 h6 15. Bxf6 Bxf6+ 16. e5 Be7 17. Nd4 Bd7 18. Rhe1 O-O-O 19. Bxf7 c5 20. Ne6 Bxe6 21. Bxe6+ Kc7 22. Kc3 Rhf8 23. Rxd8 Rxd8 24. Rf1 Bg5 25. Kc4 Re8 26. Rf7+ Kb6 27. Kd5 Rd8+ 28. Rd7 Rxd7+ 29. Bxd7 Kc7 30. Bf5 c4 31. Kxc4 Bf4 32. Kd5 Bxh2 33. c4 Bf4 34. c5 g5 35. g4 Bg3 36. c6 Bf4 37. Be4 Bg3 38. Ke6 Bf4 39. Kf6 Bg3 40. e6 Bd6 41. Kg6 Be7 42. Kxh6 Kd6 43. Bd5 Bd8 44. Kg6 1-0


[Site "https://www.chess.com"]

[Event "Titled Tuesday Blitz May 16 Late 2023"]
[White "Shapiro, Daniel"]
[Black "Sliwicki, Damian"]
[WhiteFideId "2001780"]
[BlackFideId "1127128"]
[WhiteElo "2367"]
[BlackElo "2030"]
[Result "1-0"]
[Round "08"]
[TimeControl "180+2"]
[Date "2023.05.16"]
[WhiteClock "0:00:02"]
[BlackClock "0:00:05"]

1. d4 Nf6 2. c4 e5 3. dxe5 Ng4 4. Nf3 Nc6 5. Bf4 Bb4+ 6. Nbd2 Qe7 7. a3 Ngxe5 8. Nxe5 Nxe5 9. e3 Bxd2+ 10. Qxd2 d6 11. Be2 O-O 12. O-O b6 13. b4 Bb7 14. Rac1 Rad8 15. Qc3 Qf6 16. c5 Qg6 17. f3 Rfe8 18. cxb6 cxb6 19. Kh1 Qh5 20. Rfd1 Nxf3 21. Qc7 Be4 22. Bxf3 Bxf3 23. gxf3 Qxf3+ 24. Kg1 g5 25. Rf1 Qg4+ 26. Bg3 Rd7 27. Qc4 Re4 28. Qc8+ Kg7 29. Qc3+ Kg8 30. Qc8+ Kg7 31. Qc3+ Re5 32. Qd4 Qxd4 33. exd4 Re3 34. Rc6 Rxa3 35. Rxd6 Re7 36. Be5+ Kf8 37. Rc1 Re8 38. Rc7 Ra2 39. Rdd7 f6 40. Rf7+ Kg8 41. Rg7+ Kh8 42. Rxh7+ Kg8 43. Rcg7+ Kf8 44. Bd6+ Re7 45. Bxe7+ Ke8 46. Bxf6 Ra1+ 47. Kg2 Ra2+ 48. Kg3 Ra3+ 49. Kg4 Rh3 50. Kxh3 g4+ 51. Kg3 Kf8 52. Rh8# 1-0


[Site "https://www.chess.com"]

[Event "Titled Tuesday Blitz May 16 Late 2023"]
[White "Hajiyev, Kanan"]
[Black "mohsengabr2002"]
[WhiteFideId "13404148"]
[WhiteElo "2103"]
[BlackElo "2360"]
[Result "1-0"]
[Round "08"]
[TimeControl "180+2"]
[Date "2023.05.16"]
[WhiteClock "0:00:08"]
[BlackClock "0:00:14"]

1. d4 d5 2. Nf3 Nf6 3. c4 e6 4. cxd5 exd5 5. Nc3 c6 6. Bg5 Bd6 7. Qc2 Bg4 8. Ne5 Bh5 9. f4 Qb6 10. e3 Bg6 11. f5 Bh5 12. Bd3 h6 13. Bf4 Bxe5 14. dxe5 Nfd7 15. e6 Nc5 16. O-O O-O 17. Bd6 Re8 18. Nxd5 cxd5 19. Bxc5 Qc7 20. e7 f6 21. Rac1 Nc6 22. Ba3 Qe5 23. Qf2 Nxe7 24. Qf4 Nc6 25. Qxe5 Rxe5 26. Kf2 Rae8 27. Rfe1 Bf7 28. h3 a6 29. g4 Na5 30. Bd6 b5 31. Bxe5 fxe5 32. b3 Nb7 33. e4 d4 34. Rc6 Ra8 35. Rec1 Be8 36. Rc8 Rxc8 37. Rxc8 Kf7 38. Rc7+ 1-0


[Site "https://www.chess.com"]

[Event "Titled Tuesday Blitz May 16 Late 2023"]
[White "Gerbelli Neto, Eduardo"]
[Black "Ollier, Pablo"]
[WhiteFideId "2103281"]
[BlackFideId "652318"]
[WhiteElo "2178"]
[BlackElo "2488"]
[Result "1-0"]
[Round "08"]
[TimeControl "180+2"]
[Date "2023.05.16"]
[WhiteClock "0:00:37"]
[BlackClock "0:00:00"]

1. e4 e5 2. Nf3 Nc6 3. d4 exd4 4. Bc4 Nf6 5. O-O Nxe4 6. Re1 d5 7. Nc3 dxc4 8. Rxe4+ Be6 9. Nxd4 Nxd4 10. Rxd4 Qf6 11. Nb5 Rc8 12. Nxa7 Qxd4 13. Qxd4 Rd8 14. Be3 Rxd4 15. Bxd4 c6 16. a4 Kd7 17. a5 Bd6 18. Rd1 Ra8 19. Bc5 Bd5 20. Bb6 Ke6 21. Re1+ Kf5 22. Rd1 Ke6 23. Re1+ Kd7 24. Rd1 Re8 25. Kf1 c3 26. b3 Re5 27. Bd4 Rh5 28. h3 Rf5 29. f3 h5 30. Kf2 Bb8 31. Rd3 h4 32. Rxc3 Bg3+ 33. Ke2 Rf4 34. Be3 Rf6 35. Rd3 1-0


[Site "https://www.chess.com"]

[Event "Titled Tuesday Blitz May 16 Late 2023"]
[White "Estrada Nieto, Julian"]
[Black "Hoffmann, Asa"]
[WhiteFideId "5101018"]
[BlackFideId "2001470"]
[WhiteElo "2161"]
[BlackElo "2117"]
[Result "1-0"]
[Round "08"]
[TimeControl "180+2"]
[Date "2023.05.16"]
[WhiteClock "0:00:07"]
[BlackClock "0:00:06"]

1. d4 Nf6 2. Nf3 d6 3. Nc3 c6 4. e4 Bg4 5. Be2 e6 6. Be3 d5 7. exd5 cxd5 8. Ne5 Bxe2 9. Qxe2 Nc6 10. O-O Bd6 11. Bg5 O-O 12. Nxc6 bxc6 13. Rad1 Rb8 14. b3 c5 15. Na4 cxd4 16. Rxd4 Be7 17. c4 h6 18. Bh4 Rb4 19. Rfd1 Qc7 20. cxd5 Rxd4 21. Rxd4 Nxd5 22. Bxe7 Nxe7 23. Rc4 Qd6 24. g3 Nf5 25. Qe4 Rd8 26. Nc5 Qd1+ 27. Kg2 Rd2 28. Nxe6 Nd6 29. Qa8+ Kh7 30. Nf8+ Kg8 31. Ng6+ Kh7 32. Ne7 Rxf2+ 33. Kxf2 Qd2+ 34. Kg1 Qe3+ 35. Kg2 Qxe7 36. Rc2 f5 37. Qf3 Kg6 38. Re2 Ne4 39. g4 Qg5 40. h3 Nf6 41. Qxf5+ Qxf5 42. gxf5+ Kxf5 43. Re7 g5 44. Rxa7 Nd5 45. Ra5 Ke4 46. Rxd5 Kxd5 47. Kg3 h5 48. a3 Kc5 49. b4+ Kb5 50. Kf3 Ka4 51. Ke4 Kb5 52. Kf5 g4 53. hxg4 h4 54. Kf4 h3 55. Kf3 h2 56. Kg2 1-0


[Site "https://www.chess.com"]

[Event "Titled Tuesday Blitz May 16 Late 2023"]
[White "Marcziter, Dmitrii"]
[Black "Jimenez Almeida, Luis David"]
[WhiteFideId "13900765"]
[BlackFideId "22242244"]
[WhiteElo "2162"]
[BlackElo "2245"]
[Result "0-1"]
[Round "08"]
[TimeControl "180+2"]
[Date "2023.05.16"]
[WhiteClock "0:00:03"]
[BlackClock "0:00:08"]

1. d4 g6 2. c4 Bg7 3. Nf3 f5 4. g3 Nf6 5. Bg2 O-O 6. O-O d6 7. Nc3 Nc6 8. d5 Ne5 9. Nxe5 dxe5 10. e4 f4 11. gxf4 exf4 12. Bf3 Nd7 13. Bg4 Ne5 14. Bxc8 Qxc8 15. c5 f3 16. Kh1 Qh3 17. Rg1 Ng4 18. Rxg4 Qxg4 19. Qg1 Qh3 20. Be3 Be5 21. Rc1 Rf7 22. b4 Raf8 23. b5 Kh8 24. a4 Bf4 25. Bd4+ Kg8 26. Rd1 e5 27. dxe6 Qxe6 28. a5 Rd7 29. Rd3 c6 30. b6 axb6 31. cxb6 Rfd8 32. Rxf3 Rxd4 33. Rxf4 Rd3 34. Qg5 Qh3 35. Ne2 Rd1+ 36. Ng1 Qe6 37. f3 R1d7 38. Rf6 Qe7 39. e5 Rd5 40. f4 Qe8 41. a6 bxa6 42. b7 Rb8 43. Nf3 Rxb7 44. f5 Rxe5 45. Nxe5 Qxe5 46. Re6 Rb1+ 47. Kg2 Rb2+ 48. Kh3 Qxh2+ 49. Kg4 Rg2+ 50. Kf3 Rxg5 51. Ke4 Qh4+ 52. Ke5 Rxf5+ 53. Kd6 Qd4+ 54. Kc7 Qd5 55. Re8+ Rf8 56. Re7 Rf7 57. Rxf7 Kxf7 58. Kb6 h5 59. Kxa6 h4 60. Kb6 h3 61. Kc7 h2 62. Kb6 h1=Q 63. Kc7 c5 0-1


[Site "https://www.chess.com"]

[Event "Titled Tuesday Blitz May 16 Late 2023"]
[White "Stachanczyk, Jacek"]
[Black "Prydun, Andriy"]
[WhiteFideId "1116657"]
[BlackFideId "14145898"]
[WhiteElo "2084"]
[BlackElo "2164"]
[Result "1-0"]
[Round "08"]
[TimeControl "180+2"]
[Date "2023.05.16"]
[WhiteClock "0:01:23"]
[BlackClock "0:01:17"]

1. e4 c5 2. Nf3 d6 3. d4 cxd4 4. Nxd4 Nf6 5. Nc3 a6 6. Bg5 Ra7 7. Bxf6 gxf6 8. Qh5 Nc6 9. O-O-O Ne5 10. f4 Bg4 11. Qh4 Bxd1 12. fxe5 dxe5 13. Ndb5 h5 14. Nxa7 Bh6+ 15. Kb1 Qd2 16. Bb5+ axb5 17. Rxd1 Bg5 18. Rxd2 Bxh4 19. Naxb5 O-O 20. Rd7 e6 21. Rxb7 f5 22. a4 fxe4 23. Nxe4 f5 24. Nc5 Re8 25. a5 e4 26. a6 Bf2 27. a7 Bxc5 28. Rb8 Bxa7 29. Rxe8+ Kf7 30. Ra8 e3 31. Rxa7+ Kf8 32. Nc3 1-0


[Site "https://www.chess.com"]

[Event "Titled Tuesday Blitz May 16 Late 2023"]
[White "Kostiukov, Alexandr"]
[Black "Martin Barcelo, Carles"]
[WhiteFideId "14108100"]
[BlackFideId "24561444"]
[WhiteElo "2202"]
[BlackElo "2089"]
[Result "1/2-1/2"]
[Round "08"]
[TimeControl "180+2"]
[Date "2023.05.16"]
[WhiteClock "0:00:18"]
[BlackClock "0:00:36"]

1. g3 d5 2. Bg2 e5 3. d3 Nc6 4. e4 Nge7 5. exd5 Nxd5 6. Ne2 Be6 7. Nbc3 f6 8. O-O Be7 9. f4 O-O 10. fxe5 Nxe5 11. Nf4 Nxf4 12. Bxf4 c6 13. Bxe5 fxe5 14. Rxf8+ Qxf8 15. Ne4 Bc5+ 16. Kh1 Bd4 17. c3 Bb6 18. Qe2 Rd8 19. a4 a5 20. Ng5 Qf5 21. h4 h6 22. Bh3 Bd5+ 23. Kh2 Qf2+ 24. Qxf2 Bxf2 25. Rf1 hxg5 26. Rxf2 gxh4 27. gxh4 Bb3 28. c4 Bxa4 29. Be6+ Kh8 30. Rf5 g6 31. Rxe5 Rxd3 32. Rxa5 Rd2+ 33. Kg3 Bd1 34. b4 Rb2 35. b5 cxb5 36. Rxb5 Rxb5 37. cxb5 b6 38. Bc4 Kg7 39. Kf4 Kf6 40. Bd3 Bh5 41. Ke4 Ke6 42. Kf4 Kf6 43. Ke4 Ke6 44. Kd4 Kf6 45. Kd5 g5 46. hxg5+ Kxg5 47. Kd6 Be8 48. Kc7 Kf6 49. Kxb6 Ke5 50. Kc5 Bxb5 1/2-1/2


[Site "https://www.chess.com"]

[Event "Titled Tuesday Blitz May 16 Late 2023"]
[White "Urbina Perez, Juan Antonio"]
[Black "mjelcic"]
[WhiteFideId "2217368"]
[WhiteElo "2197"]
[BlackElo "2271"]
[Result "1-0"]
[Round "08"]
[TimeControl "180+2"]
[Date "2023.05.16"]
[WhiteClock "0:00:33"]
[BlackClock "0:00:15"]

1. Nf3 g6 2. e3 Bg7 3. d4 Nf6 4. Be2 O-O 5. O-O d6 6. b3 Nbd7 7. Bb2 e5 8. dxe5 Ng4 9. c4 Ngxe5 10. Nxe5 dxe5 11. Nd2 Re8 12. Qc2 Qe7 13. Rad1 c6 14. Qc1 Nf8 15. Ne4 Be6 16. Ba3 Qc7 17. Nc5 Rad8 18. Nxe6 Nxe6 19. Rxd8 Rxd8 20. Rd1 Bf8 21. Bb2 Bg7 22. Rxd8+ Qxd8 23. Qd1 Qxd1+ 24. Bxd1 Nc5 25. Be2 e4 26. Ba3 Bf8 27. Kf1 f5 28. Bb2 Kf7 29. Bd4 a6 30. Ke1 Ne6 31. Bc3 Bg7 32. Ba5 Ke7 33. Bb4+ Kd7 34. f3 exf3 35. gxf3 Be5 36. f4 Bf6 37. Ba3 c5 38. Bf3 b6 39. Bb7 a5 40. Ke2 Nd8 41. Bf3 Nf7 42. Bc1 Nd6 43. Kd3 Ke6 44. e4 fxe4+ 45. Bxe4 Nxe4 46. Kxe4 h5 47. h3 Kd6 48. Bd2 Kc6 49. a4 Kd6 50. f5 g5 51. Be1 Be5 52. Bf2 g4 53. hxg4 hxg4 54. Be1 Bh2 55. Bc3 Bg3 56. f6 Ke6 57. f7 Kxf7 58. Kf5 Ke7 59. Kxg4 Bh2 60. Kf5 Kd6 61. Kf6 Bg3 62. Kf7 Bh4 63. Bd2 Ke5 64. Bc3+ Kd6 65. Bb2 Bg3 66. Ke8 Bh4 67. Bc1 Bg3 68. Kd8 Kc6 69. Kc8 Be5 70. Be3 Bc7 71. Bf2 Bd6 72. Bh4 Bc7 73. Bd8 Bxd8 74. Kxd8 b5 75. axb5+ Kb6 76. Kd7 a4 77. bxa4 1-0


[Site "https://www.chess.com"]

[Event "Titled Tuesday Blitz May 16 Late 2023"]
[White "Ziatdinov, Raset"]
[Black "Gutkin, Ilya"]
[WhiteFideId "2015323"]
[BlackFideId "16203470"]
[WhiteElo "2220"]
[BlackElo "2265"]
[Result "0-1"]
[Round "08"]
[TimeControl "180+2"]
[Date "2023.05.16"]
[WhiteClock "0:00:23"]
[BlackClock "0:00:10"]

1. e4 e6 2. d4 d5 3. Nc3 Nf6 4. e5 Nfd7 5. f4 c5 6. Nf3 Nc6 7. Be3 a6 8. Qd2 b5 9. a3 Qb6 10. Be2 cxd4 11. Nxd4 Bc5 12. Rd1 O-O 13. Bf3 a5 14. Nce2 b4 15. c3 bxa3 16. bxa3 Ba6 17. a4 Bc4 18. O-O Rab8 19. Kh1 Rfc8 20. Rb1 Qxb1 21. Rxb1 Rxb1+ 22. Ng1 Nxd4 23. cxd4 Bb4 24. Qc2 Ra1 25. f5 Ba6 26. Qb2 Bc3 27. Qb3 Bb4 28. fxe6 fxe6 29. Bxd5 Ra3 30. Bxe6+ Kh8 31. Qd5 Rxe3 32. Bxd7 Rf8 33. h3 Re1 34. Kh2 Bd3 35. e6 Be4 36. Qg5 Bd6+ 37. Kh1 Bd3 38. e7 Bxe7 39. Qd2 Rff1 40. Qxd3 Rxg1+ 41. Kh2 Bd6+ 42. g3 Bxg3+ 43. Qxg3 Rxg3 44. Kxg3 Rd1 45. d5 Rxd5 46. Bb5 Rd4 47. Kf3 g5 48. Ke3 Rh4 49. Bd7 Kg7 50. Kd3 Kf6 51. Kc3 Ke5 52. Kb3 h5 0-1


[Site "https://www.chess.com"]

[Event "Titled Tuesday Blitz May 16 Late 2023"]
[White "lluiss"]
[Black "Araujo, Everson De Moura"]
[BlackFideId "22737197"]
[WhiteElo "2287"]
[BlackElo "2035"]
[Result "1-0"]
[Round "08"]
[TimeControl "180+2"]
[Date "2023.05.16"]
[WhiteClock "0:00:23"]
[BlackClock "0:00:31"]

1. Nf3 Nf6 2. c4 e6 3. b3 d5 4. Bb2 c5 5. e3 Nc6 6. cxd5 exd5 7. Bb5 Be7 8. O-O O-O 9. d4 a6 10. Be2 cxd4 11. Nxd4 Ne4 12. Nxc6 bxc6 13. Nd2 Bf5 14. Rc1 Rc8 15. Nxe4 Bxe4 16. Bxa6 Ra8 17. Qe2 Qd6 18. a3 Qg6 19. f3 Rxa6 20. Qxa6 Bd3 21. Qxc6 Bxf1 22. Qxg6 hxg6 23. Kxf1 Ra8 24. b4 Kf8 25. Ke2 Ke8 26. Kd3 f6 27. Kc2 Bd6 28. Kb3 Kd7 29. h3 Re8 30. Bd4 Rb8 31. Bc5 Bg3 32. a4 f5 33. b5 g5 34. Kb4 g4 35. a5 gxf3 36. gxf3 g5 37. a6 Bc7 38. a7 Ra8 39. b6 Be5 40. Kb5 f4 41. exf4 Bxf4 42. Rd1 Ke6 43. Ka6 Rc8 44. Kb5 Ra8 45. b7 1-0


[Site "https://www.chess.com"]

[Event "Titled Tuesday Blitz May 16 Late 2023"]
[White "Schut, Han"]
[Black "Seletsky, Grigory"]
[WhiteFideId "1005561"]
[BlackFideId "14112191"]
[WhiteElo "2024"]
[BlackElo "2491"]
[Result "1-0"]
[Round "08"]
[TimeControl "180+2"]
[Date "2023.05.16"]
[WhiteClock "0:00:06"]
[BlackClock "0:00:00"]

1. e4 c5 2. Nf3 d6 3. d4 cxd4 4. Nxd4 Nf6 5. f3 e5 6. Bb5+ Nbd7 7. Nf5 d5 8. exd5 a6 9. Ba4 g6 10. Ne3 Bc5 11. c4 b5 12. cxb5 axb5 13. Bxb5 Qb6 14. Qe2 O-O 15. Nc3 Re8 16. a4 e4 17. f4 Ba6 18. Bxa6 Rxa6 19. O-O Rea8 20. Kh1 Bd4 21. f5 Nc5 22. fxg6 hxg6 23. Nb5 Nb3 24. Rb1 Rxa4 25. Nxd4 Qxd4 26. Qf2 R4a6 27. h3 R8a7 28. Nc2 Qxf2 29. Rxf2 Nxd5 30. Nb4 Ra4 31. Nxd5 Rd7 32. Nf6+ Kg7 33. Nxd7 f5 34. Be3 Rc4 35. Ne5 Rc7 36. Rd1 Re7 37. Bd4 Nxd4 38. Rxd4 Rxe5 39. b4 e3 40. Re2 g5 41. g3 f4 42. gxf4 gxf4 43. Rxf4 Kg6 44. Kg2 Kg5 45. Kf3 Rd5 46. Rg4+ 1-0


[Site "https://www.chess.com"]

[Event "Titled Tuesday Blitz May 16 Late 2023"]
[White "Vega Gutierrez, Sabrina"]
[Black "Vifleemskaia, Svetlana"]
[WhiteFideId "2219026"]
[BlackFideId "4129490"]
[WhiteElo "2209"]
[BlackElo "1930"]
[Result "1-0"]
[Round "08"]
[TimeControl "180+2"]
[Date "2023.05.16"]
[WhiteClock "0:00:25"]
[BlackClock "0:00:00"]

1. e4 e5 2. Nf3 Nc6 3. Nc3 Nf6 4. g3 d5 5. exd5 Nxd5 6. Bg2 Be7 7. Nxe5 Nxc3 8. Nxc6 Nxd1 9. Nxd8 Nxf2 10. Kxf2 Bxd8 11. Re1+ Kf8 12. d4 c6 13. Bf4 Be6 14. Rad1 Bf6 15. d5 cxd5 16. Bxd5 Re8 17. Bxe6 fxe6 18. Rd7 e5 19. Be3 b6 20. Rxa7 Re7 21. Bxb6 Rxa7 22. Bxa7 Kf7 23. Rd1 Ra8 24. Rd7+ Ke6 25. Rb7 e4 26. c3 Be7 27. Ke2 h5 28. a4 g5 29. a5 h4 30. b4 hxg3 31. hxg3 Bf6 32. Bd4 Bxd4 33. cxd4 Kd5 34. Ke3 Rf8 35. a6 Rf3+ 36. Ke2 Kxd4 37. Rb5 1-0


[Site "https://www.chess.com"]

[Event "Titled Tuesday Blitz May 16 Late 2023"]
[White "Mikhalsky, Vladimir"]
[Black "De Souza, Cristiano Gomes"]
[WhiteFideId "14144352"]
[BlackFideId "2151758"]
[WhiteElo "2236"]
[BlackElo "2068"]
[Result "0-1"]
[Round "08"]
[TimeControl "180+2"]
[Date "2023.05.16"]
[WhiteClock "0:00:00"]
[BlackClock "0:01:15"]

1. d4 Nf6 2. c4 g6 3. f3 Bg7 4. e4 d6 5. Nc3 O-O 6. Be3 a6 7. Qd2 Nc6 8. Nge2 Rb8 9. Rb1 b5 10. cxb5 axb5 11. b4 e6 12. Nc1 Na7 13. Nb3 c6 14. Be2 Bd7 15. O-O Nc8 16. Bf4 Ne8 17. e5 d5 18. Nc5 Nb6 19. Bg5 f6 20. exf6 Bxf6 21. Bh6 Ng7 22. Rfd1 e5 23. dxe5 Bxe5 24. f4 Bd6 25. Bg5 Be7 26. Bh6 Re8 27. Nxd7 Qxd7 28. h3 Nf5 29. Bg4 Nc4 30. Qf2 Bd8 31. Kh2 Bb6 32. Bxf5 Qxf5 33. Qh4 d4 34. Re1 dxc3 35. Re7 Rxe7 36. Qxe7 Qf7 37. Qe4 Bc7 38. Rf1 Re8 39. Qxc6 Ne3 40. Rf3 c2 41. Rxe3 Rxe3 42. Qxc2 Bxf4+ 43. g3 Bxh6 44. Qc8+ Bf8 45. Qc6 Qf2+ 0-1


[Site "https://www.chess.com"]

[Event "Titled Tuesday Blitz May 16 Late 2023"]
[White "Xavier_mompel"]
[Black "Novikova, Galina"]
[BlackFideId "4157095"]
[WhiteElo "2256"]
[BlackElo "1953"]
[Result "0-1"]
[Round "08"]
[TimeControl "180+2"]
[Date "2023.05.16"]
[WhiteClock "0:00:00"]
[BlackClock "0:00:38"]

1. e4 e6 2. d4 d5 3. Nc3 Bb4 4. e5 c5 5. a3 Bxc3+ 6. bxc3 Ne7 7. Qg4 Kf8 8. Nf3 Qa5 9. Bd2 Qa4 10. Ra2 Nbc6 11. Be2 b6 12. O-O Ba6 13. Bxa6 Qxa6 14. h4 Qc4 15. Raa1 Rc8 16. Rfc1 h6 17. h5 Nf5 18. Qf4 cxd4 19. g4 Nfe7 20. cxd4 Ke8 21. a4 Kd7 22. Ra3 g6 23. a5 gxh5 24. axb6 hxg4 25. Ne1 axb6 26. Rca1 Rc7 27. Qxf7 Nxd4 28. Ra7 Nf3+ 29. Nxf3 gxf3 30. Rxc7+ Qxc7 31. Bb4 Re8 32. Ra6 Qb7 0-1


[Site "https://www.chess.com"]

[Event "Titled Tuesday Blitz May 16 Late 2023"]
[White "reevecanada"]
[Black "rikchessmx"]
[WhiteElo "2386"]
[BlackElo "2232"]
[Result "1-0"]
[Round "08"]
[TimeControl "180+2"]
[Date "2023.05.16"]
[WhiteClock "0:01:20"]
[BlackClock "0:00:30"]

1. e4 c5 2. Nf3 e6 3. b3 d5 4. exd5 exd5 5. Bb5+ Nc6 6. O-O a6 7. Re1+ Be7 8. Bxc6+ bxc6 9. Bb2 Nf6 10. Ne5 Qd6 11. Qe2 Be6 12. Nf3 O-O 13. Ng5 Ng4 14. Nf3 Bf6 15. Nc3 Rfe8 16. h3 Bd7 17. Qf1 Ne5 18. Nxe5 Bxe5 19. Rad1 Qf6 20. Ba1 Bf5 21. Na4 Bxc2 22. Rxe5 Rxe5 23. Rc1 Be4 24. f4 Qg6 25. fxe5 Bd3 26. Qf2 c4 27. Nc5 Bf5 28. Kh2 cxb3 29. axb3 a5 30. Bd4 h5 31. Rf1 Bc2 32. Qg3 Qh7 33. e6 f5 34. Qc7 a4 35. Qf7+ Kh8 36. e7 Qg8 37. Qxh5+ Qh7 38. e8=Q+ 1-0


[Site "https://www.chess.com"]

[Event "Titled Tuesday Blitz May 16 Late 2023"]
[White "teresin05"]
[Black "Xia, Brandon"]
[BlackFideId "30921880"]
[WhiteElo "2198"]
[BlackElo "1924"]
[Result "0-1"]
[Round "08"]
[TimeControl "180+2"]
[Date "2023.05.16"]
[WhiteClock "0:00:01"]
[BlackClock "0:00:37"]

1. e4 g6 2. d4 Bg7 3. Nc3 d6 4. f4 a6 5. Nf3 b5 6. Bd3 Nd7 7. Be3 Bb7 8. Qd2 c5 9. dxc5 Nxc5 10. O-O-O Rc8 11. Kb1 Qa5 12. Nd5 Qxd2 13. Rxd2 Bxd5 14. exd5 Na4 15. c3 Nf6 16. Bc2 Nc5 17. Re1 O-O 18. Bxc5 Rxc5 19. Rxe7 Nxd5 20. Re4 a5 21. g3 b4 22. Bb3 bxc3 23. Rxd5 cxb2 24. Rxc5 dxc5 25. Re7 Bf6 26. Rd7 a4 27. Bxa4 Re8 28. Bb3 Re3 29. Rxf7 Rxb3 30. Rxf6 Rxf3 31. Kxb2 Rf2+ 32. Kb3 Rxh2 33. Rd6 Rh3 34. Rd3 h5 35. Kc4 h4 36. gxh4 Rxh4 37. Kxc5 Rxf4 38. Rg3 Kg7 39. Kb5 Rf2 40. a4 Rb2+ 41. Kc5 Ra2 42. Kb6 Kh6 43. a5 g5 44. a6 Rb2+ 45. Kc7 Ra2 46. Rb3 Rxa6 47. Rg3 Kh5 48. Rg1 g4 49. Rh1+ Kg5 50. Rg1 Kf4 51. Rf1+ Kg3 52. Rg1+ Kh3 53. Rh1+ Kg2 54. Rh5 g3 55. Rg5 Rf6 56. Kd7 Kf2 57. Ke7 Rf3 58. Ke6 g2 0-1


[Site "https://www.chess.com"]

[Event "Titled Tuesday Blitz May 16 Late 2023"]
[White "Slavin, Alexey"]
[Black "Fuentes Godoy, Lilia Ivonne"]
[WhiteFideId "24104388"]
[BlackFideId "5104130"]
[WhiteElo "2264"]
[BlackElo "2096"]
[Result "1-0"]
[Round "08"]
[TimeControl "180+2"]
[Date "2023.05.16"]
[WhiteClock "0:00:49"]
[BlackClock "0:00:08"]

1. e4 c5 2. g3 Nc6 3. Bg2 g6 4. Ne2 Bg7 5. O-O e6 6. Nbc3 Nge7 7. a3 O-O 8. Rb1 d5 9. exd5 exd5 10. b4 cxb4 11. axb4 d4 12. Ne4 d3 13. cxd3 Qxd3 14. Rb3 Qd8 15. Bb2 Be6 16. Bxg7 Kxg7 17. Qa1+ f6 18. Rbb1 Bc4 19. Rfe1 Bd3 20. Nc5 Bc4 21. Nf4 Qxd2 22. b5 Nd4 23. Rxe7+ Kh8 24. Rd1 Qa2 1-0


[Site "https://www.chess.com"]